 Dungeon Crawl Stone Soup version 0.29-a0-350-g7790a0e70a (webtiles) character file.

Game seed: 17572086499241289089

458 spaghetti the Fighter (level 7, -20/63 HPs)
             Began as a Gnoll Wanderer on Apr 22, 2022.
             Was a Follower of Elyvilon.
             Demolished by an ogre
             ... wielding a +0 giant club
              (26 damage)
             ... on level 5 of the Dungeon.
             The game lasted 00:08:49 (4961 turns).

spaghetti the Fighter (Gnoll Wanderer)              Turns: 4961, Time: 00:08:50

Health: -20/63     AC:  5    Str: 13      XL:     7   Next: 6%
Magic:  4/4        EV: 11    Int: 11 (12) God:    Elyvilon [*.....]
Gold:   179        SH:  4    Dex: 11      Spells: 13/13 levels left

rFire   . . .      SeeInvis .   e - +0 short sword (antimagic) {short}
rCold   . . .      Faith    .   d - +0 buckler
rNeg    . . .      Spirit   .   f - +0 leather armour
rPois   .          Reflect  .   n - +0 helmet
rElec   .          Harm     .   y - +0 cloak
rCorr   .          Rampage  .   (no gloves)
Will    +....                   (no boots)
Stlth   +++.......              (no amulet)
HPRegen 0.20/turn               (no ring)
MPRegen 0.09/turn               (no ring)

@: no status effects
A: fangs 1, strong nose, distributed training, strong-willed 1, evolution 1,
subdued magic 1
a: Renounce Religion, Purification


You were on level 5 of the Dungeon.
You worshipped Elyvilon.
Elyvilon was aware of your devotion.
You visited 1 branch of the dungeon, and saw 5 of its levels.

You collected 179 gold pieces.


Innate Abilities, Weirdness & Mutations

You have very sharp teeth.
Your uncanny sense of smell can sniff out nearby items.
Your experience applies equally to all skills.
You are strong-willed. (Will+)
You have hidden genetic potential.
Your spells are a little easier to cast, but a little less powerful.


   Skills:
 + Level 8.8 Fighting
 + Level 2.2 Short Blades
 + Level 2.2 Long Blades
 + Level 2.2 Axes
 + Level 2.2 Maces & Flails
 + Level 2.2 Polearms
 + Level 2.2 Staves
 + Level 2.2 Slings
 + Level 2.2 Bows
 + Level 2.2 Crossbows
 + Level 2.2 Throwing
 + Level 2.2 Armour
 + Level 2.2 Dodging
 + Level 8.1 Stealth
 + Level 3.4 Shields
 + Level 2.2 Unarmed Combat
 + Level 3.6 Spellcasting
 + Level 1.8 Conjurations
 + Level 1.8 Hexes
 + Level 1.8 Summonings
 + Level 1.8 Necromancy
 + Level 1.8 Translocations
 + Level 1.8 Transmutations
 + Level 1.8 Fire Magic
 + Level 1.8 Ice Magic
 + Level 1.8 Air Magic
 + Level 1.8 Earth Magic
 + Level 1.8 Poison Magic
 + Level 2.5 Invocations
 + Level 2.2 Evocations


You had 13 spell levels left.
You didn't know any spells.
Your spell library was empty.

Inventory:

Hand Weapons
 a - a +1 dagger {short}
 e - a +0 antimagic short sword (weapon) {short}
   (You took it off a kobold on level 3 of the Dungeon)
Missiles
 g - 104 stones (quivered) {throwing}
 p - 10 poisoned darts {throwing}
Armour
 d - a +0 buckler (worn)
 f - a +0 leather armour (worn)
 n - a +0 helmet (worn)
   (You found it on level 4 of the Dungeon)
 y - a +0 cloak (worn)
   (You found it on level 3 of the Dungeon)
Magical Staves
 r - a staff of cold {!astaff}
   (You found it on level 2 of the Dungeon)
Scrolls
 i - 3 scrolls of amnesia
 j - 2 scrolls of teleportation {unknown}
 k - 4 scrolls of identify {unknown}
 l - 2 scrolls of holy word {unknown}
 t - a scroll of noise {unknown}
 u - 2 scrolls of fear {unknown}
 v - a scroll of enchant armour {unknown}
 w - a scroll of magic mapping {unknown}
Potions
 m - a potion of degeneration {!q@e2}
 o - 3 potions of brilliance
 q - 3 potions of lignification {unknown}
 s - 3 potions of attraction {unknown}
 x - a potion of heal wounds {@q2}

Dungeon Overview and Level Annotations

Branches:
Dungeon (5/15)
 Temple: D:4-7

Altars:
Cheibriados
Elyvilon
Qazlal
Sif Muna
Xom

Shops:
D:4 :

Annotations:
D:3 1 runed translucent door, spaghetti's ghost, weakling BaAE

... .# #.<....... ##
#..###.# #ยง.###.### ...
#....#.##...#
...##......##...#
..........(#....
...........#....
#.......#....
..#########..?.((O#....#
....#...........@.#
....#......!......#
....#.............#
....##...##......##
....##...##......#
....##.............
...<...........)....
....#######.....$...
....# .......


You could see a neutral ogre (fast, strong, insane).


Message History

You start resting. ๐Ÿ˜Ž HP[+22]
Your hp is fully restored (57).
Key pressed, stopping explore.
There is an open door here.
Key pressed, stopping explore.
Done exploring.
Done exploring.
Done exploring.
Done exploring.
(D) Dungeon
Where to? (Enter - D:3 @ (x,y), ? - help)
There is an open door here.
There is a stone staircase leading down here.
You climb downwards.
There is a stone staircase leading up here.
Unknown command.
Unknown command.
Done exploring.
Done exploring.
Done exploring.
Done exploring.
(D) Dungeon
Where to? (Enter - D:4, ? - help)
There is a stone staircase leading down here.
You climb downwards.
There is a stone staircase leading up here.
A hound is nearby!
Unknown command.
Unknown command.
A hound is nearby!
A hound is nearby!
The helpless hound fails to defend itself.
You impale the hound!!
You kill the hound!
You have reached level 7! ๐Ÿ˜Ž HP[+6] MP[+1]
You now have 63 max hp (+6).
Your hp is fully restored (63).
Your mp is fully restored (4).
Found a glowing war axe.
An orc comes into view. It is wielding a +0 dagger.
An orc is nearby!
An ogre comes into view. It is wielding a +0 giant club.
The helpless orc fails to defend itself.
You impale the orc!!
You kill the orc!
The ogre shouts!
Okay, then.
Okay, then.
Okay, then.
Throw: dart (datura) {throwing}
Press: ? - help, Shift-Dir - straight line, f - ogre
Aim: an ogre, wielding a +0 giant club (76% to hit, chance to frenzy on hit: 70%)
You throw a datura-tipped dart {throwing}.
The datura-tipped dart {throwing} hits the ogre.
The ogre flies into a frenzy!
The ogre shouts!
Okay, then.
Okay, then.
Okay, then.
Okay, then.
Throw: throwing net {=f!fthrowing}
Press: ? - help, Shift-Dir - straight line, f/p - ogre
Aim: an ogre, wielding a +0 giant club (fast, strong, frenzied and insane, 76% to hit)
You throw a throwing net {=f!fthrowing}.
The ogre hits you with a +0 giant club!! ๐Ÿ˜ฎ HP[-29]
You take 29 damage, and now have 34/63 hp.
MASSIVE DAMAGE!! (PAUSE) Unknown command.
Unknown command.
Okay, then.
Throw: dart (atropa) {throwing}
Press: ? - help, Shift-Dir - straight line, f/p - ogre
Aim: an ogre, wielding a +0 giant club (fast, strong, frenzied and insane, 76% to hit, chance to blind on hit: 70%)
You throw an atropa-tipped dart {throwing}.
The atropa-tipped dart {throwing} hits the ogre.
The ogre appears confused.
The ogre shouts! x2 ๐Ÿ˜ฎ HP[+1]
The ogre seems less confused.
The ogre misses you.
You hit the ogre.
The ogre shouts!
You hit the ogre. You bite the ogre, but do no damage.
The ogre closely misses you.
You catch the helpless ogre completely off-guard!
You puncture the ogre! You bite the ogre.
The ogre is no longer blind.
The ogre hits you with a +0 giant club!!
* * * LOW HITPOINT WARNING * * *
๐Ÿ˜ฑ HP[-30]
You take 30 damage, and now have 5/63 hp.
MASSIVE DAMAGE!! (PAUSE)
You aren't carrying any items that you can evoke.
Okay, then.
You hit the ogre.
You block the ogre's attack. ๐Ÿ˜ฑ HP[+1]
You barely miss the ogre. The ogre barely misses you.
You hit the ogre.
The ogre hits you with a +0 giant club!!
You die...

Skill      XL: |  1  2  3  4  5  6 |
---------------+-------------------+-----
Invocations    | 1 2 |  2.5
Short Blades   | 1 2 |  2.2
Long Blades    | 1 2 |  2.2
Axes           | 1 2 |  2.2
Maces & Flails | 1 2 |  2.2
Polearms       | 1 2 |  2.2
Staves         | 1 2 |  2.2
Slings         | 1 2 |  2.2
Bows           | 1 2 |  2.2
Crossbows      | 1 2 |  2.2
Throwing       | 1 2 |  2.2
Armour         | 1 2 |  2.2
Dodging        | 1 2 |  2.2
Unarmed Combat | 1 2 |  2.2
Evocations     | 1 2 |  2.2
Spellcasting   | 3 |  3.6
Conjurations   | 1 |  1.8
Hexes          | 1 |  1.8
Summonings     | 1 |  1.8
Necromancy     | 1 |  1.8
Translocations | 1 |  1.8
Transmutations | 1 |  1.8
Fire Magic     | 1 |  1.8
Ice Magic      | 1 |  1.8
Air Magic      | 1 |  1.8
Earth Magic    | 1 |  1.8
Poison Magic   | 1 |  1.8
Shields        | 3 |  3.4
Stealth        | 8 |  8.1
Fighting       | |  8.8

Action                   |  1- 3 |  4- 6 |  7- 9 || total
-------------------------+-------+-------+-------++-------
Melee: Dagger            |   107 |   217 |       ||   324
       Bite              |     7 |    24 |     2 ||    33
       Short sword       |       |    22 |     7 ||    29
Throw: Stone             |     4 |       |       ||     4
       Dart              |       |     2 |     2 ||     4
       Throwing net      |       |     2 |     1 ||     3
Invok: Heal Other        |       |    14 |       ||    14
  Use: Potion            |       |     7 |       ||     7
       Scroll            |       |     2 |       ||     2
 Stab: Sleeping          |    18 |    14 |     1 ||    33
       Held in net/web   |       |     1 |       ||     1
       Invisible         |       |       |     1 ||     1
Armor: Leather armour    |    21 |    53 |       ||    74
Dodge: Dodged            |    35 |   133 |     3 ||   171
Block: Buckler           |    19 |    58 |     1 ||    78

Levels and vault maps discovered:
D:1:      dpeg_arrival_simpleton_a, layout_basic,
          hellmonk_ecumenical_altar_crossroads, chequers_serial_rivers_small_b
D:2:      minmay_skewed_foursquare, layout_basic, kennysheep_small_spiral,
          serial_park_tiny_pond
D:3:      layout_basic, led_sif_pool, mainiacjoe_overflow_catwalk, slow_altar_2,
          gammafunk_ghost_grave, palyth_stone_intersect,
          minmay_goblin_kobold_house
D:4:      layout_basic, nicolae_qazlal_scattered_showers, serial_shops,
          nicolae_inconvenience_store
D:5:      cheibrodos_fzero, layout_gridville, mainiacjoe_overflow_alcove_2,
          lemuel_mausoleum_altar_kikubaaqudgha, uniq_menkaure

Notes
Turn   | Place    | Note
-------+----------+-------------------------------------------
     0 | D:1      | spaghetti the Gnoll Wanderer began the quest for the Orb.
     0 | D:1      | spaghetti set off with the following items: a +1 dagger
                  | {short}, an atropa-tipped dart {throwing}, a datura-tipped
                  | dart {throwing}, a +0 buckler, a scroll of blinking {!r}, a
                  | +0 leather armour
     0 | D:1      | Reached XP level 1. HP: 26/26 MP: 4/4
     0 | D:1      | magus.rc [v1.9.6]
   108 | D:1      | Reached XP level 2. HP: 30/33 MP: 5/5
   332 | D:1      | Found a faded altar of an unknown god.
   384 | D:1      | Prayed at the altar of an unknown god.
   384 | D:1      | Became a worshipper of Elyvilon the Healer
   384 | D:1      | Reached * piety under Elyvilon
   618 | D:1      | Reached XP level 3. HP: 38/38 MP: 7/7
  1064 | D:2      | Reached skill level 1 in Invocations
  1149 | D:2      | Reached ** piety under Elyvilon
  1221 | D:2      | Reached skill level 1 in Short Blades
  1221 | D:2      | Reached skill level 1 in Long Blades
  1221 | D:2      | Reached skill level 1 in Axes
  1221 | D:2      | Reached skill level 1 in Maces & Flails
  1221 | D:2      | Reached skill level 1 in Polearms
  1221 | D:2      | Reached skill level 1 in Staves
  1221 | D:2      | Reached skill level 1 in Slings
  1221 | D:2      | Reached skill level 1 in Bows
  1221 | D:2      | Reached skill level 1 in Crossbows
  1221 | D:2      | Reached skill level 1 in Throwing
  1221 | D:2      | Reached skill level 1 in Armour
  1221 | D:2      | Reached skill level 1 in Dodging
  1221 | D:2      | Reached skill level 1 in Unarmed Combat
  1221 | D:2      | Reached skill level 1 in Evocations
  1223 | D:2      | Reached XP level 4. HP: 45/45 MP: 8/8
  1433 | D:2      | Reached skill level 3 in Spellcasting
  1994 | D:3      | Found a shimmering altar of Xom.
  2003 | D:3      | Reached skill level 1 in Conjurations
  2003 | D:3      | Reached skill level 1 in Hexes
  2003 | D:3      | Reached skill level 1 in Summonings
  2003 | D:3      | Reached skill level 1 in Necromancy
  2003 | D:3      | Reached skill level 1 in Translocations
  2003 | D:3      | Reached skill level 1 in Transmutations
  2003 | D:3      | Reached skill level 1 in Fire Magic
  2003 | D:3      | Reached skill level 1 in Ice Magic
  2003 | D:3      | Reached skill level 1 in Air Magic
  2003 | D:3      | Reached skill level 1 in Earth Magic
  2003 | D:3      | Reached skill level 1 in Poison Magic
  2062 | D:3      | Found a shimmering blue altar of Sif Muna.
  2125 | D:3      | You fall into a shaft and drop 1 floor!
  2229 | D:4      | Noticed a necrophage
  2236 | D:4      | Reached XP level 5. HP: 51/51 MP: 9/9
  2264 | D:4      | Reached skill level 3 in Shields
  2582 | D:4      | Found a stormy altar of Qazlal.
  2598 | D:4      | Reached skill level 8 in Stealth
  2613 | D:4      | HP: 12/51 [hound (2)]
  2615 | D:4      | Gained mutation: Your spells are a little easier to cast,
                  | but a little less powerful. [potion of mutation]
  2615 | D:4      | Gained mutation: You have hidden genetic potential. [potion
                  | of mutation]
  2624 | D:4      | Reached skill level 2 in Invocations
  2624 | D:4      | Reached XP level 6. HP: 33/57 MP: 0/10
  2757 | D:4      | Found Baner's Book Shoppe.
  3402 | D:5      | Entered Level 5 of the Dungeon
  3402 | D:5      | Noticed a kobold demonologist
  3402 | D:5      | Noticed a kobold demonologist
  3428 | D:4      | Reached skill level 2 in Short Blades
  3428 | D:4      | Reached skill level 2 in Long Blades
  3428 | D:4      | Reached skill level 2 in Axes
  3428 | D:4      | Reached skill level 2 in Maces & Flails
  3428 | D:4      | Reached skill level 2 in Polearms
  3428 | D:4      | Reached skill level 2 in Staves
  3428 | D:4      | Reached skill level 2 in Slings
  3428 | D:4      | Reached skill level 2 in Bows
  3428 | D:4      | Reached skill level 2 in Crossbows
  3428 | D:4      | Reached skill level 2 in Throwing
  3428 | D:4      | Reached skill level 2 in Armour
  3428 | D:4      | Reached skill level 2 in Dodging
  3428 | D:4      | Reached skill level 2 in Unarmed Combat
  3428 | D:4      | Reached skill level 2 in Evocations
  3434 | D:4      | HP: 12/57 [kobold brigand/+0 dagger (5)]
  3443 | D:4      | HP: 11/57 [kobold brigand/+0 dagger (4)]
  3445 | D:4      | Gained mutation: You are strong-willed. (Will+) [hidden
                  | potential]
  3693 | D:5      | Noticed a hellwing
  3834 | D:3      | Found a runed translucent door.
  3834 | D:3      | Noticed spaghetti's ghost (weakling BaAE)
  3874 | D:3      | Found a snail-covered altar of Cheibriados.
  4939 | D:5      | Reached XP level 7. HP: 63/63 MP: 4/12
  4958 | D:5      | HP: 5/63 [ogre/+0 giant club (30)]
  4961 | D:5      | Demolished by an ogre

Vanquished Creatures
  2 kobold brigands (D:4)
  A necrophage (D:4)
  2 hounds
  An iron imp (D:3)
  5 adders
  2 worms (D:3)
  4 dart slugs
  An orc (D:5)
  5 endoplasms
  6 giant cockroaches
  8 hobgoblins
  4 jackals (D:3)
  6 quokkas
  5 ball pythons
  7 bats
  2 frilled lizards
  8 goblins
  11 kobolds
  7 rats
87 creatures vanquished.

Vanquished Creatures (others)
  An ufetubus (D:4)
  A kobold (D:4)
2 creatures vanquished.

Grand Total: 89 creatures vanquished

Table legend:
 A = Non-vault XP
 B = Vault XP
 C = Vault XP percentage of total XP
 D = Non-vault monster count
 E = Vault monster count
 F = Vault count percentage of total count
                 A         B        C        D         E       F
            +---------+---------+-------+---------+---------+-------
      Total |     504 |      64 |  11.3 |      73 |      14 |  16.1
            +---------+---------+-------+---------+---------+-------
        D:1 |      40 |       0 |   0.0 |      25 |       0 |   0.0
        D:2 |      61 |      13 |  17.6 |      16 |       6 |  27.3
        D:3 |      48 |      51 |  51.5 |      16 |       8 |  33.3
        D:4 |     307 |       0 |   0.0 |      14 |       0 |   0.0
        D:5 |      48 |       0 |   0.0 |       2 |       0 |   0.0
            +---------+---------+-------+---------+---------+-------

Illustrated notes

Table legend:
 A = Kills in this place as a percentage of kills in entire the game.
 B = Kills by you in this place as a percentage of kills by you in the entire game.
 C = Kills by friends in this place as a percentage of kills by friends in the entire game.
 D = Other kills in this place as a percentage of other kills in the entire game.
 E = Experience gained in this place as a percentage of experience gained in the entire game.
 F = Experience gained in this place divided by the number of levels of this place that you have seen.
                   A       B       C       D       E      F
               +-------+-------+-------+-------+-------+----------------------
         Total | 100.0 | 100.0 |   N/A |   N/A | 100.0 | 113.6
       Dungeon | 100.0 | 100.0 |   N/A |   N/A | 100.0 | 113.6
               +-------+-------+-------+-------+-------+----------------------

Table legend: (Time is in decaauts)
 A = Elapsed time spent in this place.
 B = Non-inter-level travel time spent in this place.
 C = Inter-level travel time spent in this place.
 D = Time resting spent in this place.
 E = Time spent auto-exploring this place.
 F = Levels seen in this place.
 G = Mean time per level.
                   A        B        C        D        E       F      G
               +--------+--------+--------+--------+--------+-----+--------+
         Total |   4972 |   4804 |    168 |    305 |   3616 |   5 |  994.4 |
       Dungeon |   4972 |   4804 |    168 |    305 |   3616 |   5 |  994.4 |
               +--------+--------+--------+--------+--------+-----+--------+

Top non-repeatable levels by time:
     D:4: 1589 daAuts
     D:3: 1488 daAuts
     D:2: 1021 daAuts
     D:1: 844 daAuts
     D:5: 29 daAuts
